 Dungeon Crawl Stone Soup version 0.28-a0-1159-g27aa881441 (webtiles) character file.

Game seed: 3992894198297238184

42 kae the Chopper (level 3, -5/31 HPs)
             Began as a Hill Orc Fighter on Dec 15, 2021.
             Slain by Natasha (6 damage)
             ... on level 2 of the Dungeon.
             The game lasted 00:00:26 (1333 turns).

kae the Chopper (Hill Orc Fighter)                  Turns: 1333, Time: 00:00:26

Health: -5/31      AC:  8    Str: 20    XL:     3   Next: 56%
Magic:  3/3        EV:  9    Int:  8    God:
Gold:   102        SH:  4    Dex: 10    Spells: 2/2 levels left

rFire   . . .      SeeInvis .   a - +0 war axe
rCold   . . .      Faith    .   c - +0 buckler
rNeg    . . .      Spirit   .   b - +0 scale mail
rPois   .          Reflect  .   (no helmet)
rElec   .          Harm     .   (no cloak)
rCorr   .          Rampage  .   i - +0 pair of gloves
Will    .....                   (no boots)
Stlth   ..........              (no amulet)
HPRegen 0.10/turn               (no ring)
MPRegen 0.08/turn               (no ring)

@: no status effects
A: no striking features
a: no special abilities


You were on level 2 of the Dungeon.
You visited 1 branch of the dungeon, and saw 2 of its levels.

You collected 102 gold pieces.

Inventory:

Hand Weapons
 a - a +0 war axe (weapon)
Armour
 b - a +0 scale mail (worn)
 c - a +0 buckler (worn)
 i - a +0 pair of gloves (worn)
Potions
 d - a potion of might
 e - a potion of curing {unknown}
 g - a potion of degeneration {unknown}
 h - a potion of berserk rage {unknown}


   Skills:
 - Level 3.6 Fighting
 + Level 4.3 Axes
 - Level 3.2 Armour
 - Level 4.0 Shields


You had 2 spell levels left.
You didn't know any spells.
Your spell library was empty.

Dungeon Overview and Level Annotations

Branches:
Dungeon (2/15)

Altars:

Annotations:
D:2 Natasha


Message History

Natasha claws you.
You closely miss Natasha.
Natasha is almost dead.
You block Natasha's attack. Natasha claws you but does no damage.
You miss Natasha.
Natasha is almost dead.
Natasha claws you.
Natasha is nearby!
You barely miss Natasha.
Natasha is almost dead.
Natasha casts a spell.
You barely miss Natasha.
Natasha is almost dead.
Natasha mumbles some strange words.
There are monsters nearby!
You closely miss Natasha.
Natasha is almost dead.
You hit the crimson imp. You closely miss the white imp. Natasha claws you.
You block the crimson imp's attack.
The white imp hits you but does no damage.
Natasha claws you!
You are too injured to fight recklessly!
There are monsters nearby!
You are too injured to fight recklessly!
You are too injured to fight recklessly!
You closely miss Natasha.
Natasha is almost dead.
You slash the white imp! You hit the crimson imp.
The crimson imp blinks!
The white imp laughs crazily.
The white imp gestures at you. The puff of frost misses you.
Natasha casts a spell.
You closely miss Natasha.
Natasha is almost dead.
You barely miss the white imp. The white imp gestures at you.
The puff of frost hits you!
* * * LOW HITPOINT WARNING * * *
Natasha claws you.
You die...

###..... . ......##
#. ......
.#.##....#
.........# .
.....5. ... #.
#.ยง5##..... #.
#..@h..>... #.
#..#####.## .
#.##..#####.## ..
#.............
...##............#
#..........###.#..#
#.####......##.#
#.............>.
#..........##..#


You could see Natasha and 2 white imps.

Vanquished Creatures
  An adder (D:2)
  A dart slug (D:1)
  5 ball pythons (D:1)
  2 endoplasms
  A giant cockroach (D:1)
  2 goblins (D:1)
  3 hobgoblins (D:1)
  5 kobolds (D:1)
  2 quokkas (D:1)
  3 bats (D:1)
  2 frilled lizards (D:1)
  2 rats (D:1)
29 creatures vanquished.

Notes
Turn   | Place    | Note
-------+----------+-------------------------------------------
     0 | D:1      | kae the Hill Orc Fighter began the quest for the Orb.
     0 | D:1      | Reached XP level 1. HP: 19/19 MP: 1/1
   266 | D:1      | Reached XP level 2. HP: 18/26 MP: 2/2
   725 | D:1      | Reached XP level 3. HP: 28/31 MP: 3/3
  1314 | D:2      | Found a faded altar of an unknown god.
  1320 | D:2      | Noticed Natasha
  1333 | D:2      | HP: 1/31 [white imp/puff of frost[Natasha] (11)]
  1333 | D:2      | Slain by Natasha

Illustrated notes

Levels and vault maps discovered:
D:1:      dpeg_arrival_simpleton_b, layout_basic, hangedman_decor_peaks_small,
          minmay_fountain_box, minmay_tromino_mix6
D:2:      layout_loops_ring, ebering_ecumenical_altar_rust, uniq_terence,
          uniq_natasha

Skill      XL: |  1  2  3 |
---------------+----------+-----
Axes           | 3 4 |  4.3
Shields        | 4 |  4.0
Fighting       | |  3.6
Armour         | |  3.2

Action                   || total
-------------------------++-------
Melee: War axe           ||    66
  Use: Scroll            ||     1
Armor: Scale mail        ||    35
Dodge: Dodged            ||    24
Block: Buckler           ||    14

Table legend: (Time is in decaauts)
 A = Elapsed time spent in this place.
 B = Non-inter-level travel time spent in this place.
 C = Inter-level travel time spent in this place.
 D = Time resting spent in this place.
 E = Time spent auto-exploring this place.
 F = Levels seen in this place.
 G = Mean time per level.
                   A        B        C        D        E       F      G
               +--------+--------+--------+--------+--------+-----+--------+
         Total |   1354 |   1325 |     29 |      0 |   1157 |   2 |  677.0 |
       Dungeon |   1354 |   1325 |     29 |      0 |   1157 |   2 |  677.0 |
               +--------+--------+--------+--------+--------+-----+--------+

Top non-repeatable levels by time:
     D:1: 1277 daAuts
     D:2: 76 daAuts
